 Dungeon Crawl Stone Soup version 0.30-a0-358-g0d69a1922f (webtiles) character file.

Game seed: 12260447707643644329

70 mopl the Shooter (level 4, -5/36 HPs)
             Began as a Meteoran Hunter on Nov 10, 2022.
             Slain by a gnoll
             ... wielding a +0 flail
             ... led by a gnoll bouda
              (8 damage)
             ... on level 3 of the Dungeon.
             The game lasted 00:03:18 (1213 turns).

mopl the Shooter (Meteoran Hunter)                  Turns: 1213, Time: 00:03:19

Health: -5/36      AC:  4    Str: 14    XL:     4   Next: 72%
Magic:  5/5        EV: 13    Int: 11    God:
Gold:   102        SH:  0    Dex: 23    Spells: 3/3 levels left

rFire   . . .      SeeInvis .    a - +0 shortbow
rCold   . . .      Faith    .    (shield currently unavailable)
rNeg    . . .      Spirit   .    c - +0 leather armour
rPois   .          Reflect  .    p - +0 helmet
rElec   .          Harm     .    (no cloak)
rCorr   .          Rampage  .    (no gloves)
Will    .....                    (no boots)
Stlth   +.........               (no amulet)
HPRegen 0.26/turn                g - +6 ring of dexterity
MPRegen 0.09/turn                (no ring)

@: weakened, hasted, glowing, very quick
A: sense surroundings 1, otherworldly, glowing, explore regen
a: no special abilities


You were on level 3 of the Dungeon.
You visited 1 branch of the dungeon, and saw 3 of its levels.

You collected 102 gold pieces.

Inventory:

Hand Weapons
 a - a +0 shortbow (weapon)
Armour
 c - a +0 leather armour (worn)
 p - a +0 helmet (worn)
Jewellery
 g - a +6 ring of dexterity (left hand)
Wands
 r - a wand of charming (15)
Scrolls
 b - a scroll of immolation
 e - a scroll of fear {unknown}
 h - a scroll of teleportation {unknown}
 j - 2 scrolls of enchant weapon {unknown}
 k - a scroll of silence {unknown}
 m - a scroll of acquirement {unknown}
 o - a scroll of amnesia {unknown}
 q - a scroll of summoning {unknown}
 t - a scroll of poison {unknown}
 u - a scroll of torment {unknown}
Potions
 f - a potion of cancellation {unknown}
 i - a potion of brilliance {unknown}
 l - a potion of might {unknown}
 n - a potion of ambrosia {unknown}
 s - a potion of berserk rage {unknown}


   Skills:
 - Level 2.1 Fighting
 + Level 6.2 Ranged Weapons
 - Level 2.4 Dodging
 - Level 0.6 Stealth


You had 3 spell levels left.
You didn't know any spells.
Your spell library contained the following spells:

 Spells                   Type           Power      Damage    Failure   Level
 Dazzling Flash           Conj/Hex       0%         N/A       80%         3
 Agony                    Necr           0%         N/A       100%        5
 Silence                  Hex/Air        0%         N/A       100%        5


Dungeon Overview and Level Annotations

Branches:
Dungeon (3/15) Zot: 556

Altars:


Innate Abilities, Weirdness & Mutations

You passively map a small area around you.
You are easily found by Zot.
You glow in the dark.
You regain HP and MP as you explore.


Message History

You are too injured to fight recklessly!
Fire: a) +0 shortbow
Press: ? - help, Q - select action, (/) - cycle Shift-Dir - straight line, f/p - gnoll
Aim: a gnoll, wielding a +0 whip (almost dead, covering ground quickly, 70% to hit)
You shoot an arrow. The arrow barely misses the gnoll.
The arrow hits the gnoll bouda!
The gnoll bouda is severely wounded.
The gnoll closely misses you.
Fire: a) +0 shortbow
Press: ? - help, Q - select action, (/) - cycle Shift-Dir - straight line, f/p - gnoll
Aim: a gnoll, wielding a +0 whip (almost dead, covering ground quickly, 70% to hit)
You shoot an arrow.
The arrow hits the gnoll bouda but does no damage.
The gnoll bouda is severely wounded.
A gnoll comes into view. It is wielding a +0 flail.
Fire: a) +0 shortbow
Press: ? - help, Q - select action, (/) - cycle Shift-Dir - straight line, f/p - gnoll
Aim: a gnoll, wielding a +0 whip (almost dead, covering ground quickly, 70% to hit)
You shoot an arrow. The arrow hits the gnoll bouda.
The gnoll bouda is almost dead.
The gnoll bouda calls upon its god to heal the gnoll.
The gnoll is healed somewhat.
The gnoll bouda hits you but does no damage.
The gnoll attacks as you move away! The gnoll hits you with a +0 flail.
The gnoll bouda barks out a call to the hunt!
The gnoll picks up the pace!
The gnoll attacks as you move away! The gnoll hits you with a +0 flail.
The gnoll bouda barks out a call to the hunt!
The gnoll hits you but does no damage. The gnoll hits you with a +0 flail.
* * * LOW HITPOINT WARNING * * *
The gnoll attacks as you move away! The gnoll hits you but does no damage.
The gnoll attacks as you move away! The gnoll misses you.
The gnoll attacks as you move away! The gnoll hits you with a +0 flail!
* * * LOW HITPOINT WARNING * * *
The gnoll attacks as you move away! The gnoll barely misses you. x2
It was a potion of haste.
You feel yourself speed up.
The gnoll bouda gazes fiercely through you!
You feel your attacks grow feeble. The gnoll attacks as you move away!
The gnoll hits you with a +0 flail!
You die...

........# ########.g)...
........###.....####'# * , ,
..........g.....'g...# ,
........###.....#...## ,, ,
,,.....>..........#...# , ,
........g.......#...# ,
,.......g........#...#
################.g.......#...#
.............# #@g.......#...#
############.# #.#########...#
........#..#.# #.........#####
.######.#....# #########.#
.#....#.#.########## #.#
.#.##.#.#.<#.......#####.#
......#.#..#.###.......#.#
.####.#.####.# #.#.###.#.#
.....[#.#....# #.#...#.#.#


You could see a gnoll bouda and 3 gnolls.

Vanquished Creatures
  A gnoll (D:3)
  An adder (D:2)
  2 dart slugs
  3 ball pythons
  5 endoplasms
  4 giant cockroaches
  5 hobgoblins (D:1)
  3 quokkas
  6 bats
  4 goblins
  4 kobolds
  4 rats
42 creatures vanquished.

Vanquished Creatures (others)
  9 plants (D:3)
9 creatures vanquished.

Grand Total: 51 creatures vanquished

Notes
Turn   | Place    | Note
-------+----------+-------------------------------------------
     0 | D:1      | mopl the Meteoran Hunter began the quest for the Orb.
     0 | D:1      | Reached XP level 1. HP: 17/17 MP: 2/2
    64 | D:1      | Reached XP level 2. HP: 23/24 MP: 3/3
    98 | D:1      | Reached skill level 5 in Ranged Weapons
   246 | D:1      | Reached XP level 3. HP: 29/29 MP: 4/4
   833 | D:2      | Reached XP level 4. HP: 36/36 MP: 5/5
   974 | D:2      | Reached skill level 6 in Ranged Weapons
  1213 | D:3      | Slain by a gnoll

Illustrated notes

Levels and vault maps discovered:
D:1:      roderic_crossed_star, layout_basic
D:2:      layout_basic
D:3:      layout_basic, serial_shops, nicolae_lakefront_shop,
          minmay_gold_behind_fungi, nicolae_grassy_gnolls

Skill      XL: |  1  2  3  4 |
---------------+-------------+-----
Ranged Weapons | 5 6 |  6.2
Fighting       | |  2.1
Dodging        | |  2.4
Stealth        | |  0.6

Action                   |  1- 3 |  4- 6 || total
-------------------------+-------+-------++-------
 Fire: Shortbow          |    90 |    30 ||   120
  Use: Potion            |       |     1 ||     1
Armor: Leather armour    |    14 |     5 ||    19
Dodge: Dodged            |    23 |    10 ||    33

Table legend: (Time is in decaauts)
 A = Elapsed time spent in this place.
 B = Non-inter-level travel time spent in this place.
 C = Inter-level travel time spent in this place.
 D = Time resting spent in this place.
 E = Time spent auto-exploring this place.
 F = Levels seen in this place.
 G = Mean time per level.
                   A        B        C        D        E       F      G
               +--------+--------+--------+--------+--------+-----+--------+
         Total |   1244 |   1127 |    117 |      0 |    420 |   3 |  414.7 |
       Dungeon |   1244 |   1127 |    117 |      0 |    420 |   3 |  414.7 |
               +--------+--------+--------+--------+--------+-----+--------+

Top non-repeatable levels by time:
     D:2: 605 daAuts
     D:1: 458 daAuts
     D:3: 180 daAuts
